 Dungeon Crawl Stone Soup version 0.20.0-10-g0535bb4 (webtiles) character file.

3896 anfisbena the Grappler (level 10, -2/100 HPs)
             Began as a Troll Fighter on June 3, 2017.
             Was a Believer of Ru.
             Slain by an orc warrior
             ... wielding a +0 halberd
              (14 damage)
             ... on level 9 of the Dungeon.
             The game lasted 00:07:40 (6150 turns).

anfisbena the Grappler (Troll Fighter)              Turns: 6150, Time: 00:07:41

Health: -2/100     AC:  5    Str: 26    XL:     10   Next: 0%
Magic:  9/9        EV:  9    Int:  4    God:    Ru [**....]
Gold:   400        SH: 10    Dex: 12    Spells: 9/9 levels left

rFire    . . .     SeeInvis .     - Unarmed
rCold    . . .     Gourm    +   b - +0 shield
rNeg     . . .     Faith    .   a - +0 robe
rPois    .         Spirit   .   (helmet restricted)
rElec    .         Reflect  .   (no cloak)
rCorr    +         Harm     .   (gloves unavailable)
MR       .....                  (boots unavailable)
Stlth    +.........             z - amulet of regeneration
Regen    1.1/turn               y - ring of resist corrosion
MPRegen  0.2/turn               (no ring)

@: no status effects
A: unfitting armour, claws 3, fast metabolism 3, gourmand, regeneration 1,
shaggy fur 1, tough skin 2, unskilled 1
a: Renounce Religion


You were on level 9 of the Dungeon.
You worshipped Ru.
Ru was pleased with you.
You were completely stuffed.

You visited 2 branches of the dungeon, and saw 10 of its levels.

You collected 400 gold pieces.

Inventory:

Armour
 a - a +0 robe (worn)
 b - a +0 shield (worn)
Jewellery
 x - an uncursed amulet of rage {unknown}
 y - a ring of resist corrosion (left claw)
 z - an amulet of regeneration (around neck)
Wands
 D - a wand of iceblast (6/15)
 G - a wand of confusion (26/48)
Scrolls
 f - 2 scrolls of fog {unknown}
 g - 3 scrolls of teleportation {unknown}
 i - 4 scrolls of identify {unknown}
 m - 2 scrolls of amnesia {unknown}
 n - a scroll of blinking {unknown}
 r - a scroll of enchant armour {unknown}
 s - a scroll of magic mapping {unknown}
 u - 5 scrolls of remove curse {unknown}
 A - a scroll of immolation {unknown}
 F - a scroll of recharging {unknown}
Potions
 c - a potion of might
 e - 4 potions of heal wounds {unknown}
 j - 3 potions of curing
 k - 2 potions of brilliance {unknown}
 l - a potion of resistance {unknown}
 o - a potion of agility
 t - a potion of berserk rage {unknown}
 v - 2 potions of flight {unknown}
 w - a potion of mutation {unknown}
 B - 2 potions of haste {unknown}
 E - a potion of lignification {unknown}
Comestibles
 d - 5 bread rations
 h - 3 royal jellies
 p - 3 meat rations
 q - 2 fruits
 C - 2 chunks of flesh


   Skills:
 + Level 6.5 Fighting
 - Level 2.1 Dodging
 + Level 5.3 Shields
 * Level 9.5 Unarmed Combat


You had 9 spell levels left.
You didn't know any spells.

Dungeon Overview and Level Annotations

Branches:
Dungeon (9/15)             Temple (1/1) D:7            Lair (0/6) D:8
    Orc: D:9-12

Altars:
Ashenzari
Cheibriados
Dithmenos
Elyvilon
Fedhas
Gozag
Hepliaklqana
Kikubaaqudgha
Makhleb
Nemelex Xobeh
Okawaru
Qazlal
Ru
Sif Muna
Trog
Uskayaw
Vehumet
Xom
Yredelemnul
Zin
The Shining One

Shops:
D:6 *


Innate Abilities, Weirdness & Mutations

You are too large for most types of armour.
You have claws for hands.
Your metabolism is lightning-fast.
You like to eat raw meat.
Your natural rate of healing is unusually fast.
You are covered in fur. (AC +1)
You have very tough skin. (AC +2)
You are somewhat unskilled. (-1 Apt)


Message History

A killer bee comes into view.
You scratch the two-headed ogre but do no damage.
The two-headed ogre is almost dead.
You hear an angry buzzing noise. x6
The orc moves out of view.
You scratch the two-headed ogre but do no damage.
The two-headed ogre is almost dead.
You redirect the two-headed ogre's attack!
The two-headed ogre hits itself with a giant spiked club!!
The two-headed ogre dies!
You have reached level 10!
A killer bee comes into view.
You block the killer bee's attack. x2 2 killer bees come into view.
You closely miss the killer bee.
The killer bee buzzes angrily.
The killer bee stings you.
* * * LOW HITPOINT WARNING * * *
The orc warrior hits you from afar with a halberd!
You die...

## ######
#8## #.yy.#
#.[.#. #@#
#.....o #.#
...o...
#o###.o.oo..
#ooo..#
#yo...#
#.....#
#y......
#......./>
#..........


You could see an orc warrior (blind), 4 killer bees, an orc wizard and 2 orcs.

Vanquished Creatures
  Sigmund (D:5)
  Eustachio (D:5)
  A basilisk (D:8)
  3 wargs (D:8)
  Menkaure (D:7)
  2 orc warriors
  3 sky beasts
  A phantom (D:5)
  A black bear (D:6)
  4 ogres
  4 centaurs
  3 bullfrogs
  A wyvern zombie (D:6)
  2 scorpions
  A water moccasin skeleton (D:6)
  A bullfrog zombie (D:5)
  A crimson imp (D:5)
  3 hounds
  2 centaur zombies
  A bullfrog skeleton (D:7)
  6 orc wizards
  An orc priest (D:5)
  An iguana (D:4)
  4 worker ants
  10 adders
  A shadow imp (D:7)
  2 oozes
  An adder skeleton (D:4)
  3 adder zombies
  3 worms (D:2)
  A dart slug (D:4)
  7 leopard geckos
  18 orcs
  6 bats
  6 giant cockroaches
  8 goblins
  10 hobgoblins
  4 jackals (D:6)
  4 kobolds
  2 quokkas
  4 ball pythons
  4 frilled lizards
  6 rats
149 creatures vanquished.

Vanquished Creatures (others)
  A two-headed ogre (D:9)
1 creature vanquished.

Grand Total: 150 creatures vanquished

Notes
Turn   | Place    | Note
-------+----------+-------------------------------------------
     0 | D:1      | anfisbena the Troll Fighter began the quest for the Orb.
     0 | D:1      | Reached XP level 1. HP: 22/22 MP: 0/0
   158 | D:1      | Reached XP level 2. HP: 29/29 MP: 1/1
   876 | D:2      | Reached XP level 3. HP: 36/36 MP: 2/2
   879 | D:2      | Reached skill level 3 in Unarmed Combat
  1085 | D:2      | Reached XP level 4. HP: 39/45 MP: 3/3
  2201 | D:4      | Found a shattered altar of Ashenzari.
  2443 | D:4      | Reached skill level 4 in Unarmed Combat
  2443 | D:4      | Reached XP level 5. HP: 37/54 MP: 4/4
  2564 | D:4      | Noticed an ogre
  2571 | D:4      | Killed an ogre
  2579 | D:4      | Reached XP level 6. HP: 62/62 MP: 5/5
  2951 | D:5      | Entered Level 5 of the Dungeon
  2951 | D:5      | Noticed a sky beast
  2960 | D:5      | Killed a sky beast
  2960 | D:5      | Reached skill level 5 in Unarmed Combat
  2977 | D:5      | Reached XP level 7. HP: 15/71 MP: 6/6
  3153 | D:5      | Found an iron altar of Okawaru.
  3153 | D:5      | Noticed Eustachio
  3171 | D:5      | Killed Eustachio
  3171 | D:5      | Reached skill level 6 in Unarmed Combat
  3360 | D:5      | Reached skill level 5 in Fighting
  3364 | D:5      | Noticed Sigmund
  3379 | D:5      | Killed Sigmund
  3428 | D:5      | Reached XP level 8. HP: 38/80 MP: 7/7
  3475 | D:5      | Found a radiant altar of Vehumet.
  3532 | D:5      | Reached skill level 7 in Unarmed Combat
  3584 | D:5      | Found a hazy altar of Hepliaklqana.
  3888 | D:6      | Reached skill level 8 in Unarmed Combat
  4273 | D:6      | Reached XP level 9. HP: 31/89 MP: 8/8
  4480 | D:6      | Found Agroteod's Assorted Antiques.
  4920 | D:7      | Found a staircase to the Ecumenical Temple.
  4934 | Temple   | Entered the Ecumenical Temple
  4954 | Temple   | Became a worshipper of Ru the Awakened
  5099 | D:7      | Found a blossoming altar of Fedhas.
  5110 | D:7      | Found a stormy altar of Qazlal.
  5218 | D:7      | Noticed Menkaure
  5223 | D:7      | Killed Menkaure
  5334 | D:7      | Reached skill level 9 in Unarmed Combat
  5398 | D:7      | Found a burning altar of Makhleb.
  5460 | D:7      | Found a sacrificial altar of Ru.
  5531 | D:8      | Found a staircase to the Lair.
  5547 | D:8      | Reached skill level 5 in Shields
  5906 | D:8      | Gained mutation: You are somewhat unskilled. (-1 Apt) [Ru sacrifice]
  5906 | D:8      | Reached * piety under Ru
  5906 | D:8      | Reached ** piety under Ru
  6122 | D:9      | Noticed a two-headed ogre
  6148 | D:9      | Killed a two-headed ogre
  6148 | D:9      | Reached XP level 10. HP: 13/100 MP: 9/9
  6150 | D:9      | Slain by an orc warrior

Skill      XL: |  1  2  3  4  5  6  7  8  9 |
---------------+----------------------------+-----
Unarmed Combat | 3 4 5 6 8 9 |  9.5
Fighting       | 3 4 5 6 |  6.5
Shields        | 3 4 5 |  5.3
Dodging        | |  2.1

Action                   |  1- 3 |  4- 6 |  7- 9 | 10-12 || total
-------------------------+-------+-------+-------+-------++-------
Melee: Unarmed           |   120 |   128 |   279 |     1 ||   528
Invok: Sacrifice Skill   |       |       |     1 |       ||     1
  Use: Scroll            |       |       |     1 |       ||     1
 Stab: Sleeping          |     1 |     1 |       |       ||     2
  Eat: Chunk             |    16 |    17 |    29 |       ||    62
Armor: Robe              |    36 |    37 |    54 |       ||   127
Dodge: Dodged            |    32 |    25 |   104 |       ||   161
Block: Shield            |    42 |    63 |   137 |     2 ||   244
